MLB
MILWAUKEE BREWERS @ SAN DIEGO PADRES
08/28/2098
 
TOP OF THE 1ST
Milwaukee Brewers batting - Pitching for San Diego Padres : RHP Jamal Grasty
Pitching: RHP Jamal Grasty
Batting: RHB Byron Weaver 0-0: Ball
1-0: Ball
2-0: Fly out, F8 (Flyball, 8RS, EV 89.4 MPH)
Batting: RHB Joe Hardie 0-0: Called Strike
0-1: Called Strike
0-2: SINGLE (Line Drive, 4D, EV 96.3 MPH)
Batting: LHB Alex Cruz 0-0: Called Strike
0-1: Ball
1-1: Ball
2-1: Fly out, F9 (Flyball, 9, EV 92.5 MPH)
Batting: RHB Johnny Curet 0-0: Hit by Pitch
Joe Hardie to second
Batting: SHB Mikizo Kubo 0-0: Foul Ball, location: 9LSF
0-1: Foul Ball, location: 2LF, Error on foul ball, E2
0-2: Ball
1-2: Strikes out swinging
Top of the 1st over - 0 runs, 1 hit, 1 error, 2 left on base; Milwaukee 0 - San Diego 0
BOTTOM OF THE 1ST
San Diego Padres batting - Pitching for Milwaukee Brewers : RHP Albert Preciado
Pitching: RHP Albert Preciado
Batting: LHB Eric Schoonover 0-0: Foul Ball, location: 7LSF
0-1: Ball
1-1: Ground out U3 (Groundball, 13, EV 82.5 MPH)
Batting: LHB R.J. Correll 0-0: Ball
1-0: Ball
2-0: Called Strike
2-1: Foul Ball, location: 7LMF
2-2: Foul Ball, location: 3F
2-2: Strikes out swinging
Batting: RHB Jose Barillas 0-0: Called Strike
0-1: Foul Ball, location: 2F
0-2: Strikes out looking
Bottom of the 1st over - 0 runs, 0 hits, 0 errors, 0 left on base; Milwaukee 0 - San Diego 0
TOP OF THE 2ND
Milwaukee Brewers batting - Pitching for San Diego Padres : RHP Jamal Grasty
Batting: SHB Juan Velasquez 0-0: Ball
1-0: Ball
2-0: Fly out, F5 (Popup, 5S, EV 65.6 MPH)
Batting: SHB Jamie Saxton 0-0: DOUBLE (Flyball, 7LD, EV 97.5 MPH)
Batting: RHB Vinny Prestage 0-0: Foul Ball, location: 2F
0-1: Foul Ball, location: 25F
0-2: Ball
1-2: Ball
2-2: Foul Ball, location: 9LDF
2-2: Strikes out swinging
Batting: SHB Josh Harder 0-0: Ball
1-0: Swinging Strike
1-1: Ball
2-1: Ground out 4-3 (Groundball, 4, EV 87.5 MPH)
Top of the 2nd over - 0 runs, 1 hit, 0 errors, 1 left on base; Milwaukee 0 - San Diego 0
BOTTOM OF THE 2ND
San Diego Padres batting - Pitching for Milwaukee Brewers : RHP Albert Preciado
Batting: RHB Tony Woody 0-0: Reached via error on a dropped throw from 2B, E3 (Groundball, 4, EV 87.5 MPH)
Batting: RHB Chris Santos 0-0: Called Strike
0-1: Swinging Strike
0-2: Ball
1-2: Strikes out swinging
Batting: RHB Anibal Araldes 0-0: Swinging Strike
0-1: Foul Ball, location: 9LSF
0-2: Foul Ball, location: 5F
0-2: Ball
1-2: Foul Ball, location: 9LDF
1-2: Ball
2-2: Foul Ball, location: 9LDF
2-2: Ball
3-2: Fly out, F8 (Flyball, 8LD, EV 90.0 MPH)
Batting: RHB Jason Borden 0-0: Swinging Strike
0-1: Ball
1-1: Ball
2-1: Foul Ball, location: 25F
2-2: SINGLE (Line Drive, 89S, EV 99.4 MPH)
Tony Woody to second
Batting: RHB Alfredo Beltran 0-0: Ball
1-0: Called Strike
1-1: Ball
2-1: Ground out 6-3 (Groundball, P, EV 93.8 MPH)
Bottom of the 2nd over - 0 runs, 1 hit, 1 error, 2 left on base; Milwaukee 0 - San Diego 0
TOP OF THE 3RD
Milwaukee Brewers batting - Pitching for San Diego Padres : RHP Jamal Grasty
Pitching: LHP Robert Bartos
Batting: RHB Byron Weaver 0-0: Called Strike
0-1: Ball
1-1: SINGLE (Flyball, 8LS, EV 92.5 MPH)
Batting: RHB Joe Hardie 0-0: Ball
1-0: Ground out 6-3 (Groundball, P, EV 80.0 MPH)
Byron Weaver to second
Batting: LHB Alex Cruz 0-0: Ball
1-0: Ball
2-0: Swinging Strike
2-1: Foul Ball, location: 2F
2-2: Strikes out looking
Batting: RHB Johnny Curet 0-0: Ball
1-0: DOUBLE (Line Drive, 9LM, EV 106.9 MPH)
Byron Weaver scores
Batting: SHB Mikizo Kubo 0-0: Called Strike
0-1: Ground out 6-3 (Groundball, 6, EV 88.1 MPH)
Top of the 3rd over - 1 run, 2 hits, 0 errors, 1 left on base; Milwaukee 1 - San Diego 0
BOTTOM OF THE 3RD
San Diego Padres batting - Pitching for Milwaukee Brewers : RHP Albert Preciado
Batting: LHB Jamie Wortman 0-0: Foul Ball, location: 9LDF
0-1: Ball
1-1: Fly out, F3 (Popup, 3F, EV 62.5 MPH)
Batting: LHB Eric Schoonover 0-0: Ball
1-0: Ball
2-0: Swinging Strike
2-1: SINGLE (Line Drive, 34, EV 98.1 MPH)
Batting: LHB R.J. Correll 0-0: Fielders Choice at 2nd, 4-6 (Groundball, 34S, EV 82.5 MPH)
Batting: RHB Jose Barillas 0-0: Ball
1-0: Foul Ball, location: 3FF
1-1: Ball
2-1: Foul Ball, location: 3FF
2-2: Ball
R.J. Correll is caught stealing 2nd base 2-4
Bottom of the 3rd over - 0 runs, 1 hit, 0 errors, 0 left on base; Milwaukee 1 - San Diego 0
TOP OF THE 4TH
Milwaukee Brewers batting - Pitching for San Diego Padres : LHP Robert Bartos
Batting: SHB Juan Velasquez 0-0: Ball
1-0: Ball
2-0: Fly out, F4 (Popup, 3S, EV 76.3 MPH)
Batting: SHB Jamie Saxton 0-0: Ball
1-0: Swinging Strike
1-1: Ball
2-1: Foul Ball, location: 9LSF
2-2: Foul Ball, location: 2F
2-2: Ball
3-2: Strikes out swinging
Batting: RHB Vinny Prestage 0-0: Ball
1-0: Ground out U3 (Groundball, 34, EV 103.8 MPH)
Top of the 4th over - 0 runs, 0 hits, 0 errors, 0 left on base; Milwaukee 1 - San Diego 0
BOTTOM OF THE 4TH
San Diego Padres batting - Pitching for Milwaukee Brewers : RHP Albert Preciado
Batting: RHB Jose Barillas 0-0: Called Strike
0-1: Called Strike
0-2: Ball
1-2: Strikes out swinging, 2-3 out at first.
Batting: RHB Tony Woody 0-0: Ball
1-0: Fly out, F9 (Flyball, 9S, EV 91.3 MPH)
Batting: RHB Chris Santos 0-0: Foul Ball, location: 2F
0-1: Ball
1-1: Ball
2-1: Fly out, F9 (Flyball, 9, EV 93.1 MPH)
Bottom of the 4th over - 0 runs, 0 hits, 0 errors, 0 left on base; Milwaukee 1 - San Diego 0
TOP OF THE 5TH
Milwaukee Brewers batting - Pitching for San Diego Padres : LHP Robert Bartos
Batting: SHB Josh Harder 0-0: SINGLE (Line Drive, 8LS, EV 104.4 MPH)
Pitching: RHP Jose Benitez
Batting: RHB Byron Weaver 0-0: Called Strike
0-1: 2-RUN HOME RUN (Flyball, 78XD, EV 100.0 MPH), Distance : 388 ft
Batting: RHB Joe Hardie 0-0: Ball
1-0: Ball
2-0: Called Strike
2-1: Called Strike
2-2: Ball
3-2: Strikes out swinging
Batting: LHB Alex Cruz 0-0: Foul Ball, location: 9LMF
0-1: SOLO HOME RUN (Flyball, 78XD, EV 107.5 MPH), Distance : 424 ft
Batting: RHB Johnny Curet 0-0: Fly out, F8 (Flyball, 8RS, EV 90.6 MPH)
Batting: SHB Mikizo Kubo 0-0: Called Strike
0-1: Swinging Strike
0-2: Ball
1-2: Strikes out swinging
Top of the 5th over - 3 runs, 3 hits, 0 errors, 0 left on base; Milwaukee 4 - San Diego 0
BOTTOM OF THE 5TH
San Diego Padres batting - Pitching for Milwaukee Brewers : RHP Albert Preciado
Batting: RHB Anibal Araldes 0-0: Swinging Strike
0-1: Foul Ball, location: 2F
0-2: Foul Ball, location: 2F
0-2: Foul Ball, location: 2F
0-2: Foul Ball, location: 7LDF
0-2: Ground out 5-3 (Groundball, 56, EV 106.3 MPH)
Batting: RHB Jason Borden 0-0: Called Strike
0-1: Ground out 3-1 (Groundball, 34, EV 103.1 MPH)
Batting: RHB Alfredo Beltran 0-0: Ball
1-0: Called Strike
1-1: Ball
2-1: Called Strike
2-2: Strikes out swinging
Bottom of the 5th over - 0 runs, 0 hits, 0 errors, 0 left on base; Milwaukee 4 - San Diego 0
TOP OF THE 6TH
Milwaukee Brewers batting - Pitching for San Diego Padres : RHP Jose Benitez
Batting: SHB Juan Velasquez 0-0: Swinging Strike
0-1: Called Strike
0-2: Ball
1-2: Strikes out swinging
Batting: SHB Jamie Saxton 0-0: Called Strike
0-1: Ball
1-1: Foul Ball, location: 2F
1-2: Ball
2-2: Ball
3-2: Foul Ball, location: 5F, Error on foul ball, E5
3-2: Fly out, F9 (Flyball, 89D, EV 108.8 MPH)
Batting: RHB Vinny Prestage 0-0: Swinging Strike
0-1: Called Strike
0-2: Strikes out swinging
Top of the 6th over - 0 runs, 0 hits, 1 error, 0 left on base; Milwaukee 4 - San Diego 0
BOTTOM OF THE 6TH
San Diego Padres batting - Pitching for Milwaukee Brewers : RHP Albert Preciado
Batting: LHB Jamie Wortman 0-0: Fly out, F8 (Flyball, 8LD, EV 111.3 MPH)
Batting: LHB Eric Schoonover 0-0: Swinging Strike
0-1: Ball
1-1: Ground out 4-3 (Groundball, 4, EV 91.9 MPH)
Batting: LHB R.J. Correll 0-0: Ball
1-0: Ball
2-0: Ground out 4-3 (Groundball, 13, EV 86.9 MPH)
Bottom of the 6th over - 0 runs, 0 hits, 0 errors, 0 left on base; Milwaukee 4 - San Diego 0
TOP OF THE 7TH
Milwaukee Brewers batting - Pitching for San Diego Padres : RHP Jose Benitez
Pitching: LHP Juan Robles
Batting: SHB Josh Harder 0-0: Ball
1-0: Ball
2-0: Called Strike
2-1: Ground out 6-3 (Groundball, 6, EV 101.3 MPH)
Batting: RHB Byron Weaver 0-0: Ball
1-0: Fly out, F8 (Flyball, 8LD, EV 81.9 MPH)
Batting: RHB Joe Hardie 0-0: Ball
1-0: Ball
2-0: Ball
3-0: Called Strike
3-1: Fly out, F9 (Flyball, 9D, EV 100.6 MPH)
Top of the 7th over - 0 runs, 0 hits, 0 errors, 0 left on base; Milwaukee 4 - San Diego 0
BOTTOM OF THE 7TH
San Diego Padres batting - Pitching for Milwaukee Brewers : RHP Albert Preciado
Batting: RHB Jose Barillas 0-0: Ball
1-0: Ball
2-0: Ball
3-0: Base on Balls
Batting: RHB Tony Woody 0-0: Ball
Jose Barillas is caught stealing 2nd base 2-4
1-0: Foul Ball, location: 2LF
1-1: Foul Ball, location: 3F
1-2: Ball
2-2: SINGLE (Line Drive, 4M, EV 100.0 MPH)
Batting: RHB Chris Santos 0-0: Ball
1-0: Called Strike
1-1: Foul Ball, location: 23FF
1-2: Strikes out swinging
Batting: RHB Anibal Araldes 0-0: SINGLE (Line Drive, 56, EV 103.1 MPH)
Tony Woody to second
Batting: RHB Jason Borden 0-0: Fly out, F9 (Flyball, 89M, EV 83.8 MPH)
Bottom of the 7th over - 0 runs, 2 hits, 0 errors, 2 left on base; Milwaukee 4 - San Diego 0
TOP OF THE 8TH
Milwaukee Brewers batting - Pitching for San Diego Padres : LHP Juan Robles
Batting: LHB Alex Cruz 0-0: Called Strike
0-1: Swinging Strike
0-2: Ball
1-2: Ball
2-2: Ball
3-2: Strikes out swinging
Batting: RHB Johnny Curet 0-0: Ball
1-0: Called Strike
1-1: Ball
2-1: Swinging Strike
2-2: Ball
3-2: Strikes out swinging, 2-3 out at first.
Batting: SHB Mikizo Kubo 0-0: Called Strike
0-1: Foul Ball, location: 3F
0-2: Ball
1-2: Ball
2-2: SINGLE (Line Drive, 7S, EV 105.6 MPH)
Batting: SHB Juan Velasquez 0-0: Swinging Strike
0-1: Called Strike
0-2: 2-RUN HOME RUN (Flyball, 78XD, EV 98.8 MPH), Distance : 381 ft
Batting: SHB Jamie Saxton 0-0: Called Strike
0-1: Ball
1-1: Ball
2-1: Ground out 5-3 (Groundball, 56S, EV 87.5 MPH)
Top of the 8th over - 2 runs, 2 hits, 0 errors, 0 left on base; Milwaukee 6 - San Diego 0
BOTTOM OF THE 8TH
San Diego Padres batting - Pitching for Milwaukee Brewers : RHP Albert Preciado
Batting: RHB Alfredo Beltran 0-0: SINGLE (Groundball, 34D, EV 107.5 MPH)
Batting: LHB Jamie Wortman 0-0: Swinging Strike
0-1: Called Strike
0-2: Foul Ball, location: 2F
0-2: Foul Ball, location: 2F
0-2: Ball
1-2: Foul Ball, location: 2F
1-2: SINGLE (Groundball, 13, EV 84.4 MPH) (infield hit)
Alfredo Beltran to second
Batting: LHB Eric Schoonover 0-0: Ball
1-0: Ball
2-0: Called Strike
2-1: Called Strike
2-2: Fly out, F6 (Line Drive, 6, EV 70.0 MPH)
Lined into DP, 6-4 (Line Drive, 6, EV 70.0 MPH)
Batting: LHB R.J. Correll 0-0: Called Strike
0-1: Ball
1-1: Called Strike
1-2: Strikes out looking
Bottom of the 8th over - 0 runs, 2 hits, 0 errors, 1 left on base; Milwaukee 6 - San Diego 0
TOP OF THE 9TH
Milwaukee Brewers batting - Pitching for San Diego Padres : LHP Juan Robles
Pitching: LHP Lorenzo Cabrera
Batting: RHB Vinny Prestage 0-0: Called Strike
0-1: Swinging Strike
0-2: Fly out, F6 (Line Drive, 6, EV 69.4 MPH)
Batting: SHB Josh Harder 0-0: Ball
1-0: Swinging Strike
1-1: Ground out 5-3 (Groundball, 56, EV 85.0 MPH)
Batting: RHB Byron Weaver 0-0: Swinging Strike
0-1: Ball
1-1: Swinging Strike
1-2: Ball
2-2: Strikes out swinging
Top of the 9th over - 0 runs, 0 hits, 0 errors, 0 left on base; Milwaukee 6 - San Diego 0
BOTTOM OF THE 9TH
San Diego Padres batting - Pitching for Milwaukee Brewers : RHP Albert Preciado
Pitching: RHP Cesar de Lara
Batting: RHB Jose Barillas 0-0: Called Strike
0-1: Swinging Strike
0-2: Ball
1-2: Foul Ball, location: 2RF
1-2: Ball
2-2: Foul Ball, location: 3DF
2-2: Foul Ball, location: 2F
2-2: Fly out, F9 (Flyball, 9D, EV 101.9 MPH)
Batting: RHB Tony Woody 0-0: Ball
1-0: Ball
2-0: Called Strike
2-1: Called Strike
2-2: Ground out 6-3 (Groundball, 6, EV 81.9 MPH)
Batting: RHB Chris Santos 0-0: Swinging Strike
0-1: Ball
1-1: Ball
2-1: Ball
3-1: Base on Balls
Batting: RHB Anibal Araldes 0-0: Foul Ball, location: 2F
0-1: Ball
1-1: Ball
2-1: Fly out, F5 (Popup, 5SF, EV 75.6 MPH)
Bottom of the 9th over - 0 runs, 0 hits, 0 errors, 1 left on base; Milwaukee 6 - San Diego 0
Sunday, April 14th , 2024 - OOTP Baseball 24.11 Build 85